 Dungeon Crawl Stone Soup version 0.27-a0-1565-gad902ab807 (webtiles) character file.

Game seed: 7885176266755072206

128 tsouns the Insei (level 5, -1/31 HPs)
             Began as a Kobold Transmuter on July 16, 2021.
             Was a Believer of Vehumet.
             Slain by a goblin (7 damage)
             ... led by Robin
             ... on level 3 of the Dungeon.
             The game lasted 00:03:24 (3234 turns).

tsouns the Insei (Kobold Transmuter)                Turns: 3234, Time: 00:03:24

Health: -1/31      AC:  2    Str:  7    XL:     5   Next: 34%
Magic:  8/8        EV: 15    Int: 16    God:    Vehumet [**....]
Gold:   110        SH:  0    Dex: 15    Spells: 2/8 levels left

rFire    . . .     SeeInvis .     - Unarmed
rCold    . . .     Faith    .   (shield restricted)
rNeg     . . .     Spirit   .   a - +0 robe
rPois    .         Reflect  .   (no helmet)
rElec    .         Harm     .   (no cloak)
rCorr    .         Rampage  .   (no gloves)
Will     .....                  (no boots)
Stlth    ++........             (no amulet)
HPRegen  0.10/turn              (no ring)
MPRegen  0.11/turn              (no ring)

@: wereblooded (expiring)
A: small, no large weapons, nightstalker 3
a: Renounce Religion


You were on level 3 of the Dungeon.
You worshipped Vehumet.
Vehumet was pleased with you.
You visited 1 branch of the dungeon, and saw 3 of its levels.

You collected 110 gold pieces.

Inventory:

Missiles
 i - 15 poisoned darts
Armour
 a - a +0 robe (worn)
Jewellery
 k - a ring of ice
Scrolls
 b - a scroll of blinking {unknown}
 c - a scroll of noise {unknown}
 d - 3 scrolls of identify {unknown}
 e - a scroll of acquirement {unknown}
 j - a scroll of amnesia {unknown}
Potions
 f - a potion of brilliance {unknown}
 g - a potion of haste {unknown}
 h - a potion of curing


   Skills:
 + Level 2.5 Fighting
 - Level 2.4 Dodging
 * Level 4.3 Unarmed Combat
 - Level 2.1 Spellcasting
 + Level 2.9 Transmutations
 + Level 1.2 Poison Magic


You had 2 spell levels left.
You knew the following spells:

 Your Spells              Type           Power      Damage    Failure   Level
a - Beastly Appendage     Tmut           22%        N/A       6%          1
b - Wereblood             Tmut           11%        N/A       10%         2
c - Spider Form           Tmut/Pois      4%         N/A       26%         3

Your spell library contained the following spells:

 Spells                   Type           Power      Damage    Failure   Level
 Magic Dart               Conj           4%         1d3       21%         1
 Ice Form                 Ice/Tmut       6%         N/A       73%         4
 Alistair's Intoxication  Tmut/Pois      5%         N/A       94%         5
 Borgnjor's Vile Clutch   Necr/Erth      0%         N/A       99%         5
 Eringya's Noxious Bog    Tmut/Pois      4%         N/A       100%        6


Dungeon Overview and Level Annotations

Branches:
Dungeon (3/15)

Altars:
Vehumet

Shops:
D:2 (


Innate Abilities, Weirdness & Mutations

You are small and have problems with some larger weapons.
You are completely attuned to the shadows.


Message History

You are too injured to fight recklessly!
You closely miss Robin. You claw Robin, but do no damage.
Robin is almost dead.
Robin misses you. The giant cockroach misses you.
The goblin closely misses you. The hobgoblin hits you.
You hit Robin.
You feel a bit better.
You kill Robin!
Vehumet accepts your kill.
The giant cockroach completely misses you.
The goblin misses you. The hobgoblin misses you.
You barely miss the giant cockroach. Your kick misses the giant cockroach.
Your horns disappear.
Your talons disappear.
The giant cockroach barely misses you.
The goblin hits you with a +1 dagger of venom.
The hobgoblin hits you.
* * * LOW HITPOINT WARNING * * *
You hit the giant cockroach.
The giant cockroach is severely wounded.
You howl as the wereblood boils in your veins!
The giant cockroach misses you. The goblin barely misses you.
The hobgoblin hits you.
* * * LOW HITPOINT WARNING * * *
You hit the giant cockroach.
You feel a bit better.
You kill the giant cockroach!
Vehumet accepts your kill.
You feel your power returning. The goblin completely misses you.
You punch the hobgoblin!
You feel a bit better.
You kill the hobgoblin!
Vehumet accepts your kill.
You feel your power returning.
The goblin hits you with a +1 dagger of venom.
You closely miss the goblin. You closely miss the goblin.
The goblin hits you with a +1 dagger of venom.
* * * LOW HITPOINT WARNING * * *
You hit the goblin.
The goblin is severely wounded.
Your primal bloodlust is almost over.
The goblin hits you with a +1 dagger of venom!
You die...

#..# #..# #..#
.# #..# .##
#####..# |.#
#..@g..#####..##
#..)....).))B..#
#.......)####..#
#........# ..
##.......# g
.......# .#####


You could see a goblin (strong).

Vanquished Creatures
  Robin (D:3)
  3 adders (D:2)
  2 worms (D:2)
  An orc (D:2)
  5 ball pythons (D:1)
  11 endoplasms
  3 giant cockroaches
  17 goblins
  8 hobgoblins
  A quokka (D:1)
  10 bats
  2 frilled lizards (D:1)
  4 kobolds (D:1)
  11 rats
79 creatures vanquished.

Notes
Turn   | Place    | Note
-------+----------+-------------------------------------------
     0 | D:1      | tsouns the Kobold Transmuter began the quest for the Orb.
     0 | D:1      | Reached XP level 1. HP: 12/12 MP: 3/3
    98 | D:1      | Reached XP level 2. HP: 13/16 MP: 3/5
   102 | D:1      | Learned a level 2 spell: Wereblood
   470 | D:1      | Found a faded altar of an unknown god.
   478 | D:1      | Reached XP level 3. HP: 18/21 MP: 6/6
   487 | D:1      | Became a worshipper of Vehumet
   487 | D:1      | Reached * piety under Vehumet
   487 | D:1      | Offered knowledge of Shock by Vehumet.
  1335 | D:2      | Learned a level 3 spell: Spider Form
  1429 | D:2      | Offered knowledge of Magic Dart by Vehumet.
  1433 | D:2      | Reached XP level 4. HP: 26/26 MP: 7/7
  1475 | D:2      | Reached ** piety under Vehumet
  1588 | D:2      | Reached skill level 4 in Unarmed Combat
  1823 | D:2      | Found Lohiss's Antique Weapon Boutique.
  2641 | D:2      | Reached XP level 5. HP: 18/31 MP: 8/8
  2781 | D:2      | Reached skill level 1 in Poison Magic
  3053 | D:3      | Noticed Robin
  3227 | D:3      | Killed Robin
  3234 | D:3      | Slain by a goblin

Illustrated notes

Levels and vault maps discovered:
D:1:      lemuel_arrival_room, layout_loops_ring, ebering_ecumenical_altar_rust,
          minivault_23, minmay_misc_feat_pillars, minmay_pentomino_z2
D:2:      minmay_skewed_foursquare, layout_loops_ring, serial_shops, shop
D:3:      layout_basic, kennysheep_flooded_box, uniq_sigmund, uniq_robin

Skill      XL: |  1  2  3  4  5 |
---------------+----------------+-----
Fighting       | 2 |  2.5
Unarmed Combat | 4 |  4.3
Poison Magic   | 1 |  1.2
Dodging        | |  2.4
Spellcasting   | |  2.1
Transmutations | |  2.9

Action                   |  1- 3 |  4- 6 || total
-------------------------+-------+-------++-------
Melee: Unarmed           |   120 |   138 ||   258
       Headbutt          |     7 |     2 ||     9
       Kick              |     5 |     8 ||    13
       Punch             |       |     1 ||     1
 Cast: Beastly Appendage |     6 |     6 ||    12
       Wereblood         |       |     2 ||     2
  Use: Potion            |       |     1 ||     1
 Stab: Sleeping          |    11 |     4 ||    15
Armor: Robe              |    14 |    17 ||    31
Dodge: Dodged            |    98 |   116 ||   214

Table legend: (Time is in decaauts)
 A = Elapsed time spent in this place.
 B = Non-inter-level travel time spent in this place.
 C = Inter-level travel time spent in this place.
 D = Time resting spent in this place.
 E = Time spent auto-exploring this place.
 F = Levels seen in this place.
 G = Mean time per level.
                   A        B        C        D        E       F      G
               +--------+--------+--------+--------+--------+-----+--------+
         Total |   3217 |   3142 |     75 |      0 |   2652 |   3 | 1072.3 |
       Dungeon |   3217 |   3142 |     75 |      0 |   2652 |   3 | 1072.3 |
               +--------+--------+--------+--------+--------+-----+--------+

Top non-repeatable levels by time:
     D:2: 1844 daAuts
     D:1: 1321 daAuts
     D:3: 52 daAuts
